Map: Primeval Wilds

Players

JaySlays - Winner!

  • Race: Protoss Protoss
  • Spawn Location: 7:00

Wolf - Winner!

  • Race: Terran Terran
  • League: Diamond
  • Spawn Location: 6:00

keyz - Winner!

  • Race: Protoss Protoss
  • League: Diamond
  • Spawn Location: 6:00

kronos - Winner!

  • Race: Protoss Protoss
  • Spawn Location: 5:00

Supermarmota

  • Race: Zerg Zerg
  • Spawn Location: 9:00

JukeJenkins

  • Race: Protoss Protoss
  • League: Silver
  • Spawn Location: 12:00

ninjadog

  • Race: Protoss Protoss
  • League: Platinum
  • Spawn Location: 3:00

SushiSamurai

  • Race: Terran Terran
  • League: Diamond
  • Spawn Location: 12:00

VOD

Have the link to the VOD?

Description

Time

  • Played on: April 21, 2018, 12:51 a.m.
  • Length: 18:07
Show
View Real Time Build Order
Export as new Build Order

JaySlays Protoss - Winner!

Build Orders:  

Get SALT Encoding   

  12  0:02  Probe  
  13  0:14  Probe  
  14  0:19  Pylon  
  14  0:26  Probe  
  15  0:35  Assimilator  
  15  0:36  Probe  
  16  0:44  Probe  
  17  0:52  Probe, Gateway  
  18  1:04  Probe  
  19  1:13  Probe  
  19  1:16  Assimilator  
  20  1:21  Probe  
  21  1:31  Probe  
  22  1:41  Cybernetics Core  
  22  1:43  Probe  
  23  1:56  Pylon  
  23  1:57  Gateway  
  23  2:01  Warp Gate  
  23  2:09  Gateway  
  23  2:18  Robotics Facility  
  23  2:34  Gateway  
  23  2:45  Stalker  
  25  2:56  Stalker  
  27  3:05  Warp Prism  
  29  3:13  Pylon  
  29  3:21  Stalker  
  31  3:29  Pylon  
  31  3:39  Stalker  
  33  3:50  Observer  
  34  4:25  Stalker x3  
  34  4:26  Stalker  
  42  4:50  Stalker x2  
  46  4:57  Pylon  
  46  4:59  Pylon  
  46  5:01  Pylon  
  46  5:25  Stalker x4  
  40  5:49  Stalker x2  
  34  5:58  Stalker  
  28  6:24  Nexus  
  26  6:30  Observer  
  26  6:37  Twilight Council  
  26  6:41  Probe  
  27  6:53  Probe  
  28  7:05  Probe  
  29  7:11  Forge  
  29  7:16  Stalker x2  
  33  7:33  Probe  
  33  7:37  Probe  
  33  7:41  Probe  
  35  7:49  Probe  
  37  7:51  Probe  
  37  7:56  Stalker  
  40  8:01  Probe  
  41  8:06  Probe  
  41  8:07  Templar Archives  
  42  8:13  Probe  
  42  8:14  Pylon  
  42  8:18  Probe  
  44  8:30  Stalker x2  
  44  8:31  Stalker  
  50  8:39  Stalker  
  52  8:45  Probe x2  
  54  8:55  High Templar x2  
  58  8:56  High Templar  
  58  8:57  Probe x2  
  62  9:03  Pylon  
  62  9:05  Assimilator  
  62  9:06  Pylon  
  62  9:09  Probe x2, Assimilator  
  64  9:10  Archon, Protoss Ground Weapons Level 1, High Templar  
  66  9:18  Charge  
  66  9:19  Archon  
  66  9:38  Gateway  
  66  9:41  Gateway  
  66  9:42  Gateway  
  66  9:43  Photon Cannon  
  66  9:51  Photon Cannon  
  66  9:53  High Templar  
  66  9:54  High Templar  
  70  10:07  Stalker x2  
  74  10:29  Immortal  
  74  10:41  Probe  
  74  10:42  Probe  
  80  10:53  High Templar x2  
  80  10:54  High Templar  
  86  10:58  Zealot x3  
  86  10:59  Archon  
  92  11:08  Psionic Storm  
  92  11:13  Probe x2  
  93  11:40  Archon  
  93  11:43  Protoss Ground Weapons Level 2  
  93  11:46  Zealot x3  
  99  11:49  Immortal  
  103  11:56  Probe x2  
  105  12:01  Nexus  
  105  12:03  Pylon  
  105  12:06  Pylon  
  105  12:08  Probe  
  82  12:48  Zealot x3  
  82  12:49  Zealot x4  
  96  13:00  Probe x2  
  96  13:12  Probe x2  
  92  13:15  Photon Cannon  
  92  13:17  Probe  
  92  13:18  Photon Cannon  
  89  13:21  High Templar  
  89  13:22  High Templar x5  
  89  13:24  Probe x2  
  89  13:26  Archon x3  
  103  13:29  Probe  
  104  13:36  Probe  
  105  13:43  Zealot  
  105  13:47  Probe x2  
  109  13:48  Probe  
  109  13:49  Assimilator  
  109  13:53  Assimilator  
  98  13:59  Probe x2  
  84  14:10  High Templar x4  
  84  14:11  High Templar  
  84  14:15  Protoss Ground Armor Level 1  
  94  14:17  Immortal  
  98  14:37  Archon  
  98  14:38  Archon  
  98  14:39  Forge, High Templar  
  98  14:41  Zealot  
  98  14:44  Zealot x5  
  112  14:47  Archon  
  112  14:50  Probe  
  113  15:03  Stalker  
  115  15:11  Shield Battery  
  115  15:13  Shield Battery  
  115  15:16  Shield Battery  
  115  15:17  High Templar x4  
  123  15:21  Archon  
  123  15:22  Archon  
  123  15:23  Shield Battery  
  123  15:26  Shield Battery  
  123  15:36  Zealot x3  
  129  15:43  Gateway  
  129  15:45  Gateway  
  129  15:49  Gateway  
  129  15:51  Gateway  
  129  15:54  Gateway  
  129  15:55  Gateway  
  129  15:59  Stalker  
  129  16:00  Stalker x4  
  129  16:01  Stalker  
  141  16:36  Pylon  
  141  16:37  Pylon  
  141  16:39  Pylon  
  141  16:42  Pylon  
  141  16:43  Pylon  
  141  17:00  Zealot x5  
  141  17:01  Zealot x5  
  155  17:02  Zealot x3  
  167  17:33  Zealot x2  
  167  17:34  Zealot x6  
  167  17:35  Zealot  
Show
View Real Time Build Order
Export as new Build Order

Wolf Terran - Winner!

Build Orders: MMM Bio 

Get SALT Encoding   

  12  0:00  SCV  
  13  0:13  SCV  
  14  0:23  Supply Depot  
  14  0:25  SCV  
  15  0:44  SCV  
  15  0:47  Barracks  
  16  0:57  Barracks  
  16  0:58  Refinery  
  16  1:01  SCV  
  17  1:13  SCV  
  17  1:16  Refinery  
  18  1:30  Barracks  
  18  1:31  SCV  
  19  1:43  Barracks Tech Lab, SCV  
  19  1:46  Barracks Tech Lab  
  20  1:55  SCV  
  20  1:59  Supply Depot  
  21  2:06  Stimpack  
  21  2:10  Marine  
  21  2:14  Marine  
  23  2:22  Barracks Reactor  
  23  2:28  Marine  
  24  2:32  Marine  
  24  2:33  Combat Shields  
  25  2:47  Marauder  
  25  2:49  Supply Depot  
  27  2:53  Marauder  
  27  2:58  Marine  
  29  2:59  Marine  
  31  3:11  Marauder  
  33  3:15  Marauder  
  33  3:16  Marine  
  33  3:19  Marine  
  37  3:26  Supply Depot  
  37  3:32  Marauder  
  39  3:47  Marine x2  
  39  3:48  Marauder  
  43  3:51  Supply Depot  
  43  3:54  Concussive Shells  
  43  3:56  Marine  
  44  4:05  Marine  
  44  4:07  Marine  
  44  4:09  Marine  
  47  4:15  Orbital Command  
  47  4:18  Marine  
  48  4:29  Marine x2  
  50  5:00  Supply Depot  
  50  5:02  Marauder  
  52  5:07  Command Center  
  40  5:37  Marine x2  
  40  5:38  Marauder x2  
  31  5:52  SCV  
  31  5:55  Marine x2  
  34  5:59  Marine  
  34  6:00  Supply Depot  
  34  6:01  Factory, Marauder  
  37  6:08  SCV  
  38  6:13  Marine  
  39  6:21  SCV  
  40  6:26  Marauder  
  40  6:27  Marine, Marauder  
  40  6:30  Orbital Command  
  45  6:33  SCV  
  46  6:47  Starport  
  46  6:49  Factory Tech Lab  
  46  6:51  SCV  
  47  6:56  SCV  
  48  7:01  Marine x2  
  48  7:02  Marine, Marauder  
  48  7:03  SCV  
  48  7:08  Siege Tank, SCV  
  58  7:15  SCV  
  59  7:16  Supply Depot  
  59  7:20  SCV  
  60  7:24  Engineering Bay  
  60  7:40  Marine x3  
  60  7:41  Marine  
  64  7:49  Siege Tank  
  64  7:50  Starport Reactor  
  67  7:52  SCV x2  
  67  7:57  Refinery  
  67  7:58  Marine x3  
  70  7:59  Supply Depot, Refinery  
  70  8:00  Missile Turret  
  70  8:03  Missile Turret  
  70  8:04  SCV  
  70  8:05  SCV, Terran Infantry Weapons Level 1  
  74  8:11  Engineering Bay  
  63  8:46  Marine x2  
  63  8:47  Marauder x2  
  63  8:48  Siege Tank  
  72  8:49  Medivac x2  
  76  9:01  Terran Infantry Armor Level 1  
  76  9:02  SCV x2  
  78  9:04  Marine  
  79  9:13  Marine  
  79  9:14  Marine x2  
  82  9:21  Supply Depot  
  82  9:31  Supply Depot  
  82  9:36  Command Center  
  82  9:39  Marine  
  83  9:53  Supply Depot  
  83  9:55  Marine x2  
  83  9:56  Marine  
  83  9:57  Marine  
  87  10:01  Siege Tank  
  90  10:13  Marine x2  
  92  10:20  Supply Depot  
  92  10:21  Armory  
  92  10:23  SCV x2  
  94  10:32  Marine x4  
  98  10:41  Medivac  
  100  10:44  Medivac  
  102  10:50  Marine  
  102  10:52  Siege Tank  
  106  11:04  SCV x3  
  109  11:16  Terran Infantry Armor Level 2, SCV x3  
  112  11:21  Terran Infantry Weapons Level 2  
  112  11:30  Refinery  
  112  11:34  SCV  
  112  11:35  SCV x2, Refinery  
  112  11:39  Marine x4  
  119  11:47  SCV  
  120  11:49  Medivac x2  
  124  11:56  Marine  
  124  11:59  Starport  
  125  12:02  SCV x2  
  125  12:04  Planetary Fortress  
  127  12:10  Marine x3  
  127  12:14  Marine  
  131  12:15  Supply Depot  
  131  12:16  Supply Depot  
  131  12:17  Supply Depot  
  131  12:18  Siege Tank  
  134  12:27  Marine  
  134  12:28  Marine x2  
  137  12:32  Marine  
  138  12:45  Marine  
  136  13:04  Marine  
  136  13:05  Marine x3  
  118  13:22  Marine x2  
  118  13:23  Marine x2  
  118  13:27  Barracks  
  117  13:28  Barracks  
  117  13:29  Barracks  
  117  13:31  Siege Tank  
  117  13:32  Barracks, Viking x2  
  117  13:34  Starport Reactor  
  124  13:40  Marine x4  
  128  13:45  SCV  
  129  13:58  Marine x4  
  129  14:02  Viking x2  
  135  14:05  Terran Infantry Armor Level 3, Terran Infantry Weapons Level 3  
  137  14:12  Barracks  
  137  14:14  Barracks Reactor  
  137  14:15  Barracks Reactor x2  
  137  14:16  Marine x2  
  139  14:18  Barracks Reactor  
  139  14:24  Marine x2  
  139  14:25  Supply Depot  
  141  14:33  Marine  
  141  14:34  Marine  
  143  14:42  Marine x2  
  145  14:48  Supply Depot  
  145  14:51  Marine x2  
  147  14:56  Medivac x2  
  147  14:57  Viking x2  
  155  15:00  Marine x2  
  156  15:18  Marine x11  
  156  15:19  Marine  
  164  15:26  Medivac x2  
  168  15:32  Medivac  
  168  15:33  Medivac  
  172  15:35  Marine  
  172  15:36  Marine x11  
  181  15:53  Marine  
  181  15:54  Marine x7  
  181  15:55  Marine  
  181  15:56  Marine  
  170  16:17  Marine x2  
  170  16:18  Marine x6  
  168  16:19  Marine x3  
  168  16:20  Marine  
  153  16:31  Supply Depot x2  
  136  16:33  Supply Depot x2  
  136  16:35  Marine x2  
  136  16:36  Marine x6  
  136  16:37  Marine x3  
  136  16:38  Marine  
  146  16:40  Viking x3  
  146  16:41  Viking  
  154  16:55  Marine x6  
  154  16:56  Marine x5  
  154  16:57  Marine  
  166  17:10  Viking x3  
  166  17:11  Viking  
  166  17:12  Marine x2  
  166  17:13  Marine x2  
  170  17:22  Marine  
  170  17:23  Marine x5  
Show
View Real Time Build Order
Export as new Build Order

keyz Protoss - Winner!

Build Orders: Zealot Archon 

Get SALT Encoding   

  12  0:01  Probe  
  13  0:13  Probe  
  14  0:18  Pylon  
  14  0:25  Probe  
  15  0:34  Probe  
  15  0:41  Gateway  
  15  0:42  Probe  
  16  0:47  Assimilator  
  17  0:51  Probe  
  18  1:02  Gateway  
  18  1:06  Probe  
  19  1:13  Pylon  
  19  1:18  Probe  
  20  1:31  Probe, Cybernetics Core  
  21  1:38  Assimilator  
  25  1:59  Adept x2  
  25  2:12  Warp Gate  
  25  2:23  Nexus  
  25  2:25  Sentry  
  27  2:37  Probe  
  27  2:38  Shield Battery  
  27  2:43  Sentry  
  30  2:48  Pylon  
  30  2:54  Probe  
  31  3:16  Probe  
  32  3:20  Twilight Council  
  32  3:21  Gateway  
  32  3:29  Probe  
  33  3:41  Probe  
  33  3:47  Adept x2  
  39  3:48  Probe  
  39  3:50  Resonating Glaives  
  39  3:53  Probe  
  40  4:00  Probe  
  41  4:05  Probe  
  42  4:12  Probe  
  45  4:20  Adept  
  45  4:25  Probe x2  
  45  4:28  Adept x2  
  51  4:33  Probe x2  
  51  4:34  Pylon  
  53  4:38  Pylon  
  53  4:51  Gateway  
  53  5:12  Adept x3  
  59  5:16  Probe x2  
  61  5:53  Probe  
  61  5:56  Adept x3  
  65  5:57  Probe  
  65  6:01  Probe  
  65  6:02  Dark Shrine  
  65  6:04  Assimilator  
  65  6:09  Probe, Assimilator  
  65  6:11  Pylon  
  67  6:12  Pylon  
  63  6:30  Adept x4  
  59  6:38  Probe x2  
  61  6:52  Nexus  
  61  6:53  Pylon  
  61  6:54  Pylon  
  61  6:56  Forge  
  61  6:59  Forge  
  61  7:02  Robotics Facility  
  61  7:03  Robotics Facility  
  47  7:27  Shield Battery  
  47  7:30  Dark Templar x4  
  47  7:33  Protoss Ground Weapons Level 1, Protoss Ground Armor Level 1  
  47  7:34  Photon Cannon x2  
  47  7:37  Photon Cannon  
  55  7:38  Shield Battery  
  55  7:39  Shield Battery  
  55  7:40  Probe x2, Photon Cannon  
  55  7:41  Archon  
  55  7:42  Archon  
  57  7:51  Immortal  
  57  7:52  Immortal  
  57  7:58  Probe x2  
  67  8:04  Probe  
  68  8:10  Dark Templar  
  68  8:11  Shield Battery  
  70  8:16  Dark Templar  
  72  8:25  Dark Templar  
  73  8:35  Probe x3  
  73  8:38  Pylon  
  74  8:43  Shield Battery  
  74  8:47  Probe  
  74  8:48  Probe x2  
  76  8:52  Immortal  
  84  8:55  Immortal  
  84  8:58  Probe  
  84  9:00  Probe  
  84  9:02  Probe  
  87  9:11  Dark Templar  
  87  9:12  Probe  
  87  9:15  Dark Templar, Assimilator  
  92  9:19  Archon, Assimilator  
  92  9:25  Stalker x2  
  92  9:27  Probe x2  
  92  9:28  Probe  
  99  9:32  Observer  
  100  9:42  Protoss Ground Armor Level 2  
  100  9:45  Shield Battery  
  100  9:47  Protoss Ground Weapons Level 2  
  100  9:49  Photon Cannon  
  100  9:50  Dark Templar x2  
  100  9:51  Charge  
  100  9:52  Zealot x2  
  108  9:54  Probe  
  108  9:55  Probe  
  108  9:57  Pylon  
  110  10:08  Pylon  
  110  10:10  Shield Battery x2  
  110  10:11  Photon Cannon  
  110  10:37  Observer  
  110  10:38  Observer  
  112  10:48  Stargate  
  112  11:01  Pylon  
  112  11:05  Gateway  
  112  11:06  Gateway  
  112  11:09  Gateway  
  112  11:13  Pylon  
  112  11:16  Pylon  
  112  11:18  Immortal  
  112  11:19  Immortal  
  112  11:23  Shadow Stride  
  120  11:40  Fleet Beacon  
  120  11:58  Observer x2  
  122  12:02  Zealot x4  
  134  12:23  Immortal x2  
  137  12:31  Nexus  
  137  12:36  Mothership  
  137  12:39  Protoss Ground Armor Level 3, Protoss Ground Weapons Level 3  
  145  13:02  Immortal x2  
  153  13:07  Dark Templar x2  
  157  13:15  Pylon  
  157  13:18  Pylon  
  157  13:19  Pylon  
  157  13:20  Pylon  
  155  13:36  Dark Templar  
  155  13:37  Dark Templar x4  
  161  13:59  Probe x3  
  164  14:05  Dark Templar x2  
  168  14:18  Blink  
  152  14:38  Stalker x5  
  152  14:39  Stalker x2  
  166  14:52  Gateway  
  166  14:53  Gateway x2  
  166  14:55  Gateway  
  166  14:58  Gateway  
  118  15:23  Stalker x4  
  118  15:24  Stalker x3  
  128  15:35  Assimilator  
  128  15:39  Assimilator  
  102  16:05  Nexus  
  102  16:09  Stalker  
  102  16:10  Stalker x5  
  114  16:12  Stalker x5  
  114  16:13  Stalker  
  126  16:26  Nexus  
  126  16:35  Probe  
  126  16:36  Probe x2  
  127  16:48  Observer x2  
  111  17:11  Archon  
  111  17:12  Archon x3  
  111  17:16  Dark Templar x4  
  111  17:17  Dark Templar  
  111  17:18  Stalker  
  111  17:19  Stalker x4  
  130  17:24  Archon x2  
  130  17:33  Stalker  
  130  17:34  Stalker  
  134  17:53  Probe x2  
  136  17:59  Pylon  
  136  18:01  Pylon  
Show
View Real Time Build Order
Export as new Build Order

kronos Protoss - Winner!

Build Orders: Oracle Opening, Phoenix Opening 

Get SALT Encoding   

  12  0:01  Probe  
  13  0:13  Probe  
  14  0:25  Probe, Pylon  
  15  0:40  Probe  
  16  0:50  Gateway  
  16  0:53  Probe  
  16  0:55  Assimilator  
  17  1:03  Probe  
  18  1:11  Probe  
  19  1:22  Assimilator  
  19  1:24  Probe  
  20  1:36  Probe  
  21  1:41  Cybernetics Core  
  21  1:48  Probe  
  22  1:57  Pylon  
  22  2:00  Probe  
  23  2:17  Forge  
  23  2:19  Stargate  
  23  2:44  Nexus  
  23  2:49  Probe  
  24  2:51  Pylon  
  24  2:54  Oracle  
  27  3:28  Photon Cannon  
  27  3:29  Probe  
  27  3:34  Phoenix  
  30  3:38  Stargate  
  30  3:41  Probe  
  31  3:53  Probe  
  32  3:55  Phoenix  
  32  4:05  Probe  
  32  4:09  Probe  
  36  4:17  Probe  
  36  4:18  Phoenix  
  36  4:19  Assimilator  
  36  4:20  Phoenix  
  39  4:27  Probe  
  42  4:43  Phoenix  
  44  4:47  Probe  
  44  4:51  Phoenix  
  47  5:06  Photon Cannon  
  47  5:08  Phoenix  
  46  5:18  Phoenix  
  48  5:33  Phoenix  
  48  6:07  Probe  
  49  6:12  Assimilator  
  49  6:17  Photon Cannon, Protoss Air Weapons Level 1  
  49  6:19  Probe  
  49  6:20  Fleet Beacon  
  49  6:23  Pylon, Phoenix  
  52  6:31  Probe  
  52  6:32  Pylon  
  53  6:43  Probe  
  54  6:53  Probe  
  55  6:55  Probe  
  56  7:05  Probe  
  56  7:07  Probe  
  56  7:19  Probe  
  49  7:32  Probe  
  50  7:44  Probe  
  50  7:47  Carrier x2  
  50  7:50  Graviton Catapult  
  63  7:52  Protoss Shields Level 1  
  63  7:56  Probe  
  64  8:07  Photon Cannon  
  64  8:08  Probe  
  55  8:20  Probe  
  42  8:45  Probe  
  43  8:50  Probe  
  44  8:57  Probe  
  46  9:02  Probe  
  46  9:05  Probe, Photon Cannon  
  46  9:07  Pylon  
  47  9:13  Probe, Carrier  
  47  9:15  Probe  
  48  9:23  Probe  
  55  9:27  Probe  
  55  9:29  Carrier  
  57  9:35  Probe  
  63  10:08  Probe  
  64  10:16  Protoss Air Armor Level 1  
  64  10:18  Pylon  
  64  10:20  Probe  
  65  10:31  Probe  
  66  10:39  Probe  
  66  10:47  Probe  
  66  10:49  Photon Cannon  
  67  10:51  Carrier  
  67  10:52  Carrier  
  68  10:58  Probe  
  81  11:10  Probe  
  82  11:23  Probe  
  83  11:45  Pylon  
  83  11:48  Stargate  
  83  11:56  Pylon  
  81  13:11  Carrier x3  
  77  14:37  Carrier x3  
  95  14:47  Stargate  
  95  14:49  Protoss Air Weapons Level 2  
  95  15:38  Carrier  
  101  15:54  Nexus  
  101  16:09  Pylon  
  101  16:11  Pylon  
  101  16:13  Pylon  
  101  16:14  Pylon  
  101  16:16  Pylon  
  101  16:27  Carrier  
  101  16:29  Carrier x2  
  98  18:04  Nexus  
Show
View Real Time Build Order
Export as new Build Order

Supermarmota Zerg 

Build Orders: Hatch First, Swarm Host 

Get SALT Encoding   

  12  0:04  Drone  
  13  0:10  Drone  
  14  0:19  Overlord  
  14  0:25  Extractor, Drone  
  15  0:40  Drone x2  
  17  0:48  Drone  
  18  1:04  Drone, Hatchery  
  18  1:11  Drone  
  19  1:21  Drone, Extractor  
  19  1:28  Spawning Pool  
  19  1:32  Drone  
  19  1:41  Overlord  
  19  1:53  Drone  
  20  1:56  Extractor  
  19  2:04  Drone  
  20  2:16  Queen  
  20  2:18  Drone  
  20  2:20  Queen  
  20  2:22  Drone  
  26  2:27  Metabolic Boost  
  27  2:30  Drone  
  27  2:37  Spine Crawler  
  27  2:38  Drone  
  27  2:43  Drone  
  28  2:46  Drone  
  29  2:52  Drone  
  30  3:00  Lair  
  30  3:07  Drone x2  
  30  3:11  Zergling x2  
  30  3:12  Zergling x2  
  32  3:24  Spore Crawler  
  32  3:26  Overlord, Zergling x2  
  32  3:35  Spine Crawler  
  32  3:36  Drone  
  32  3:37  Drone  
  33  3:55  Zergling x6  
  36  3:56  Evolution Chamber  
  35  4:08  Nydus Network  
  34  4:11  Zergling x6  
  37  4:20  Drone x2  
  37  4:21  Drone  
  40  4:39  Queen  
  40  4:43  Spore Crawler  
  41  4:46  Spore Crawler  
  41  4:49  Spore Crawler  
  41  4:52  Drone x3  
  42  5:04  Zergling x4  
  40  5:33  Overlord  
  40  5:34  Overlord x2  
  24  5:59  Zergling x6  
  24  6:02  Zergling x2  
  24  6:03  Zergling x8  
  32  6:14  Zerg Melee Weapons Level 1  
  28  6:26  Drone x2  
  30  6:35  Zergling x6  
  33  6:41  Zergling x2  
  33  6:45  Overseer  
  34  6:47  Overseer  
  34  6:53  Zergling x4  
  36  6:56  Drone  
  37  7:04  Spine Crawler  
  36  7:11  Nydus Canal  
  35  7:16  Zergling x4  
  36  7:28  Nydus Canal  
  35  7:42  Overseer  
  35  7:47  Overseer  
  35  7:51  Zergling x2  
  35  7:52  Zergling x10  
  41  7:59  Drone  
  42  8:09  Nydus Canal  
  42  8:23  Nydus Canal  
  32  8:45  Zergling x2  
  32  8:46  Zergling x4  
  35  8:49  Zerg Melee Weapons Level 2  
  35  8:52  Zergling x6  
  38  8:58  Drone  
  39  9:26  Overlord x2  
  39  9:45  Nydus Canal  
  39  10:09  Nydus Canal  
  39  10:30  Drone  
  39  10:31  Drone x5  
  45  10:38  Extractor  
  44  10:43  Overlord  
  44  10:44  Infestation Pit  
  43  11:03  Overseer  
  43  11:05  Zerg Ground Armor Level 1  
  43  11:12  Drone x5  
  43  11:13  Drone x7  
  43  11:14  Drone  
  56  11:19  Extractor  
  55  11:31  Swarm Host  
  58  11:32  Overlord  
  58  11:56  Swarm Host x3  
  67  12:01  Overlord x2  
  67  12:02  Overlord x2  
  67  12:24  Swarm Host x2  
  67  12:25  Swarm Host x2  
  60  12:53  Overseer  
Show
View Real Time Build Order
Export as new Build Order

JukeJenkins Protoss 

Build Orders: Phoenix Opening 

Get SALT Encoding   

  12  0:00  Probe  
  13  0:08  Probe  
  14  0:18  Pylon  
  14  0:24  Probe  
  15  0:36  Probe  
  15  0:41  Gateway  
  16  0:45  Assimilator  
  16  0:48  Probe  
  17  0:57  Probe  
  18  1:06  Probe  
  19  1:15  Probe  
  20  1:19  Assimilator  
  20  1:23  Pylon  
  20  1:27  Probe  
  20  1:31  Cybernetics Core  
  21  1:39  Probe  
  22  1:51  Probe  
  23  1:57  Pylon  
  23  2:03  Probe  
  24  2:13  Stargate  
  24  2:23  Stargate  
  24  2:32  Nexus  
  24  2:48  Probe  
  25  2:52  Pylon  
  25  2:55  Phoenix  
  25  2:59  Phoenix  
  29  3:19  Forge  
  29  3:21  Phoenix  
  31  3:35  Probe  
  32  3:44  Probe  
  32  3:47  Probe  
  34  3:49  Assimilator  
  34  3:52  Assimilator  
  34  3:53  Phoenix  
  36  3:56  Probe  
  36  3:59  Probe, Phoenix  
  40  4:14  Probe x2  
  40  4:15  Pylon, Phoenix  
  42  4:23  Phoenix  
  44  4:26  Probe x2  
  48  4:41  Photon Cannon  
  48  4:47  Photon Cannon  
  48  4:55  Phoenix  
  50  5:11  Phoenix  
  48  5:46  Phoenix x2  
  45  5:57  Photon Cannon  
  44  6:14  Phoenix x2  
  48  6:24  Stargate  
  45  6:35  Probe x2  
  47  6:42  Pylon  
  47  6:44  Pylon  
  47  6:46  Shield Battery  
  47  6:47  Probe x2, Pylon  
  48  6:49  Phoenix x2  
  53  6:59  Probe x2  
  55  7:05  Photon Cannon  
  55  7:07  Photon Cannon  
  55  7:10  Photon Cannon  
  55  7:11  Probe x2  
  57  7:23  Probe  
  57  7:24  Phoenix  
  57  7:25  Phoenix  
  62  7:36  Probe x2  
  64  7:47  Fleet Beacon  
  64  7:48  Probe  
  64  7:49  Probe  
  66  7:56  Phoenix  
  66  8:33  Tempest x2  
  46  8:41  Tempest  
  60  9:07  Protoss Air Weapons Level 1  
  60  9:18  Probe x2  
  62  9:26  Nexus  
  62  9:30  Tempest x2  
  74  9:50  Tempest  
  74  10:01  Cybernetics Core  
  80  10:11  Tempest  
  86  10:31  Probe x2  
  86  10:34  Tempest  
  94  10:39  Probe  
  95  10:43  Probe x2  
  95  10:49  Assimilator  
  97  10:51  Probe  
  97  10:53  Tempest, Assimilator  
  97  10:55  Probe x2  
  106  11:03  Pylon, Probe  
  107  11:07  Pylon  
  107  11:12  Probe  
  107  11:13  Probe  
  109  11:21  Probe  
  109  11:24  Probe  
  111  11:28  Photon Cannon x2  
  111  11:30  Tempest  
  117  11:35  Probe x2  
  117  11:37  Probe  
  120  11:43  Pylon  
  120  11:47  Protoss Air Weapons Level 2  
  120  11:52  Protoss Air Armor Level 1  
  120  11:59  Probe x2  
  120  12:01  Probe, Shield Battery x2  
  123  12:11  Photon Cannon  
  123  12:12  Photon Cannon  
  123  12:23  Tempest  
  129  12:36  Pylon  
  129  12:40  Pylon  
  129  12:45  Shield Battery  
  129  12:47  Photon Cannon  
  129  12:54  Tempest  
  114  13:18  Tempest  
  118  14:02  Pylon  
  118  14:06  Pylon  
  118  14:20  Tempest  
  118  14:24  Tempest  
  128  14:44  Pylon  
  128  14:45  Pylon, Tempest  
  134  14:48  Pylon, Protoss Air Weapons Level 3  
  134  14:49  Protoss Air Armor Level 2  
  134  14:59  Pylon  
  134  15:03  Pylon  
  134  15:05  Pylon, Tempest  
  134  15:06  Pylon  
  140  15:11  Pylon x2  
  140  15:20  Tempest  
  146  15:33  Tempest  
  152  15:52  Tempest  
  152  16:15  Tempest  
  152  16:24  Tempest  
  158  16:38  Tempest  
  162  16:58  Tempest  
  168  17:07  Tempest  
Show
View Real Time Build Order
Export as new Build Order

ninjadog Protoss 

Build Orders:  

Get SALT Encoding   

  12  0:01  Probe  
  13  0:11  Probe  
  14  0:23  Pylon  
  14  0:35  Probe, Assimilator  
  15  0:45  Gateway  
  15  0:51  Assimilator  
  15  1:03  Probe  
  16  1:15  Probe  
  17  1:32  Cybernetics Core  
  17  1:34  Pylon  
  17  1:36  Probe  
  18  1:49  Probe  
  19  2:09  Stargate x2  
  19  2:17  Pylon  
  19  2:23  Probe  
  20  2:35  Probe  
  21  2:42  Void Ray  
  21  2:47  Probe  
  26  2:58  Void Ray  
  30  3:18  Pylon  
  30  3:34  Void Ray  
  31  3:57  Void Ray  
  31  4:00  Probe  
  36  4:12  Probe  
  37  4:29  Probe  
  38  4:53  Void Ray  
  38  4:57  Void Ray  
  34  5:41  Oracle  
  28  5:49  Probe  
  22  6:01  Probe  
  22  6:02  Nexus  
  23  6:13  Probe  
  24  6:37  Assimilator  
  24  6:41  Assimilator  
  24  6:43  Pylon  
  24  6:44  Probe  
  25  6:47  Pylon  
  25  6:57  Probe  
  26  7:43  Probe x2  
  28  7:46  Void Ray x2  
  28  7:51  Probe x2  
  38  7:59  Probe x2  
  40  8:31  Void Ray  
  40  8:32  Void Ray  
  48  8:34  Probe x2  
  50  9:00  Stargate  
  50  9:04  Stargate  
  50  9:06  Pylon  
  50  9:08  Pylon, Probe x2  
  52  9:11  Pylon  
  52  9:20  Probe x2  
  54  9:37  Fleet Beacon  
  54  9:41  Forge  
  54  9:42  Pylon  
  51  10:03  Protoss Air Weapons Level 1  
  51  10:09  Probe x2  
  53  10:14  Void Ray  
  53  10:15  Void Ray  
  53  10:20  Carrier  
  68  10:21  Probe x2  
  69  10:53  Probe  
  69  10:54  Probe  
  71  11:01  Photon Cannon  
  71  11:02  Nexus  
  71  11:04  Photon Cannon  
  71  11:05  Probe  
  71  11:07  Graviton Catapult  
  72  11:26  Twilight Council  
  72  11:31  Probe  
  72  11:32  Probe  
  74  11:34  Pylon  
  74  11:36  Pylon  
  74  11:37  Pylon, Protoss Shields Level 1  
  74  11:40  Pylon  
  74  11:43  Probe  
  74  11:44  Probe  
  76  11:53  Carrier  
  82  12:01  Protoss Air Weapons Level 2  
  82  12:18  Probe x2  
  82  12:19  Probe  
  85  12:23  Assimilator  
  85  12:26  Probe x2  
  85  12:27  Probe, Assimilator  
  88  12:40  Carrier  
  84  13:34  Void Ray x3  
  81  13:43  Probe x2  
  81  13:44  Probe  
  84  13:56  Void Ray  
  80  14:09  Void Ray x3  
  93  15:07  Void Ray x2  
  93  15:08  Void Ray x2  
  77  16:48  Void Ray x2  
  41  18:00  Pylon  
  37  18:02  Pylon  
  37  18:04  Pylon  
Show
View Real Time Build Order
Export as new Build Order

SushiSamurai Terran 

Build Orders: Liberator Opening, MMM Bio 

Get SALT Encoding   

  12  0:01  SCV  
  13  0:13  SCV  
  14  0:23  Supply Depot  
  14  0:30  SCV  
  14  0:32  Refinery  
  15  0:45  Barracks  
  15  0:47  SCV  
  16  1:00  SCV  
  17  1:12  Barracks, SCV  
  17  1:15  Refinery  
  18  1:24  SCV  
  19  1:33  Barracks Reactor  
  19  1:37  Orbital Command  
  19  1:51  Factory  
  19  1:59  Barracks Tech Lab  
  19  2:03  SCV  
  20  2:08  Supply Depot  
  20  2:12  Marine  
  20  2:15  Marine  
  22  2:23  Stimpack  
  22  2:25  Marine  
  23  2:30  SCV  
  24  2:39  Starport  
  24  2:44  Factory Reactor  
  24  2:45  SCV  
  24  2:47  Marine  
  26  2:51  Marine  
  26  2:53  Marine  
  28  3:00  Supply Depot  
  28  3:12  Marine x2  
  30  3:21  Marine  
  31  3:29  Medivac x2  
  31  3:31  SCV  
  36  3:35  Supply Depot  
  36  3:44  Marine x2, Liberator  
  39  3:49  Marine  
  39  3:51  Liberator  
  45  4:12  Supply Depot  
  45  4:13  Marine x2  
  47  4:24  Marine  
  47  4:26  Combat Shields  
  47  4:29  SCV  
  49  4:36  Marine x2  
  51  4:45  Marine  
  52  4:57  Command Center  
  46  5:36  Marine  
  46  5:37  Marine x2  
  33  5:54  Marine x3  
  27  6:12  Marine x2, Medivac x2  
  34  6:25  Barracks Tech Lab  
  33  6:32  Liberator  
  30  6:34  Orbital Command  
  30  6:35  Liberator  
  30  6:37  Marine  
  30  6:38  Marine  
  32  6:43  SCV  
  33  6:48  Marine  
  40  7:10  Marine x2  
  40  7:11  Marine  
  42  7:25  SCV x2  
  42  7:29  Marine x3  
  47  7:37  SCV  
  47  7:43  SCV  
  49  7:49  SCV  
  50  7:56  SCV  
  51  8:04  SCV  
  52  8:08  SCV  
  50  8:26  Marine  
  50  8:27  Marine x2  
  37  8:44  Marine x2  
  37  8:45  Marine  
  37  8:46  SCV x2  
  37  8:47  Barracks  
  42  8:48  Barracks  
  42  8:50  Barracks  
  42  8:55  Engineering Bay x2  
  42  9:02  Marine x3  
  43  9:03  SCV  
  43  9:07  Armory  
  43  9:08  SCV  
  47  9:15  SCV  
  48  9:20  Marine x3, SCV  
  52  9:24  Terran Infantry Weapons Level 1  
  52  9:25  Terran Infantry Armor Level 1  
  52  9:38  Marine, SCV x2  
  54  9:40  Marine x2  
  54  9:41  Barracks Reactor x3  
  57  9:56  Marine  
  57  10:04  Marine  
  57  10:05  Marine  
  59  10:14  Marine  
  60  10:22  Marine  
  60  10:27  SCV x2  
  63  10:28  Marine  
  63  10:29  Marine x6  
  63  10:31  Marine  
  65  10:39  SCV  
  65  10:40  Marine  
  65  10:41  Ghost Academy  
  67  10:46  Marine x2, Barracks  
  69  10:51  SCV  
  69  10:52  SCV, Refinery  
  69  10:54  Supply Depot  
  69  10:55  Marine  
  69  10:56  Marine, Supply Depot  
  73  10:59  Marine, Supply Depot  
  74  11:05  Command Center  
  74  11:13  Ghost  
  76  11:23  Medivac  
  76  11:25  Marine x4  
  79  11:26  Marine x4  
  86  11:36  Refinery  
  86  11:37  Barracks Tech Lab  
  86  11:40  Medivac  
  86  11:42  Marine  
  86  11:43  Marine x2  
  91  11:51  SCV x2  
  93  12:01  Ghost  
  93  12:03  SCV  
  96  12:22  Ghost  
  96  12:24  Marine x7  
  96  12:25  Marine  
  106  12:30  Marine  
  101  12:41  Marine  
  101  12:42  Marine x7  
  76  12:48  Marine  
  76  12:51  Marine  
  60  12:59  Marine x3  
  62  13:05  Ghost  
  62  13:08  Ghost  
  41  13:28  Marine x4  
  41  13:29  Marine x4  
  48  13:34  Marine  
  48  13:37  Marine  
  43  13:46  Marine x5  
  43  13:47  Marine x3  
  46  13:52  Marine  
  46  13:55  Marine  
  47  13:57  Orbital Command  
  45  14:04  Marine x6  
  45  14:05  Marine x2  
  53  14:10  Marine  
  53  14:13  Marine  
  41  14:34  Engineering Bay  
  18  15:20  Ghost Academy  
  18  15:23  Marine, Bunker, Orbital Command  
  18  15:26  Marine, Bunker  
  18  15:28  Bunker  
  18  16:22  Marine x7  
  18  16:23  Marine x2  
  25  16:48  Bunker  
Tags
 
Add a new tag
Caveats
  • Supply blocks, unpowered buildings, or Contaminate may cause inaccurate times.
  • Supply counts are checked every 10 seconds.